Map: Deathaura LE

Players

Couguar - Winner!

  • Race: Protoss Protoss
  • League: Grandmaster
  • Spawn Location: 5:00

SouLeer

  • Race: Zerg Zerg
  • League: Diamond
  • Spawn Location: 11:00

Event: DreamHack SC2 Masters 2020 Fall

VOD

Have the link to the VOD?

Description

Time

  • Played on: Aug. 27, 2020, 11:16 a.m.
  • Length: 13:52

All games in this series

Show
View Real Time Build Order
Export as new Build Order

Couguar Protoss - Winner!

Build Orders: Nexus First, Oracle Opening 

Get SALT Encoding   

  12  0:00  Probe  
  13  0:12  Probe  
  14  0:18  Pylon  
  14  0:24  Probe  
  15  0:37  Probe (Chrono Boost)  
  16  0:49  Probe (Chrono Boost)  
  17  0:58  Nexus  
  17  0:59  Probe (Chrono Boost)  
  18  1:10  Forge  
  18  1:14  Probe (Chrono Boost)  
  19  1:25  Gateway  
  19  1:26  Probe (Chrono Boost)  
  19  1:31  Assimilator  
  20  1:36  Probe  
  20  1:39  Assimilator  
  21  1:48  Probe  
  21  1:49  Pylon  
  22  2:01  Probe (Chrono Boost)  
  23  2:11  Probe (Chrono Boost)  
  23  2:12  Cybernetics Core  
  23  2:14  Probe (Chrono Boost)  
  25  2:21  Probe (Chrono Boost)  
  26  2:26  Photon Cannon  
  26  2:27  Probe (Chrono Boost)  
  26  2:28  Probe (Chrono Boost)  
  28  2:37  Probe  
  28  2:39  Probe  
  30  2:49  Sentry  
  30  2:50  Probe  
  30  2:51  Stargate, Probe  
  33  2:58  Warp Gate  
  34  3:02  Probe (Chrono Boost)  
  34  3:03  Pylon  
  36  3:06  Probe (Chrono Boost)  
  36  3:14  Probe (Chrono Boost)  
  36  3:17  Adept  
  40  3:20  Probe (Chrono Boost)  
  40  3:21  Probe (Chrono Boost)  
  40  3:25  Assimilator  
  41  3:27  Assimilator  
  41  3:28  Probe x2  
  41  3:31  Oracle (Chrono Boost)  
  46  3:38  Pylon  
  46  3:40  Probe x2  
  48  3:47  Adept  
  50  3:52  Probe x2  
  52  4:02  Nexus  
  52  4:03  Pylon  
  52  4:04  Probe  
  52  4:09  Pylon  
  53  4:12  Probe  
  53  4:13  Oracle  
  57  4:17  Protoss Ground Weapons Level 1  
  57  4:19  Probe  
  58  4:24  Probe  
  58  4:28  Twilight Council  
  60  4:31  Probe  
  60  4:36  Probe  
  61  4:43  Probe  
  62  4:48  Sentry, Probe  
  65  4:55  Probe  
  65  4:59  Shield Battery  
  66  5:00  Probe  
  66  5:05  Shield Battery, Blink, Pylon  
  67  5:07  Oracle, Probe  
  67  5:12  Probe (Chrono Boost)  
  72  5:17  Sentry, Probe (Chrono Boost)  
  72  5:19  Gateway x2  
  76  5:24  Probe x2 (Chrono Boost)  
  78  5:30  Gateway  
  78  5:31  Photon Cannon, Probe (Chrono Boost)  
  78  5:32  Probe (Chrono Boost)  
  78  5:34  Probe (Chrono Boost)  
  80  5:39  Probe x2  
  82  5:43  Robotics Facility  
  82  5:44  Probe  
  83  5:50  Adept  
  83  5:51  Probe  
  83  5:53  Assimilator  
  83  5:55  Assimilator  
  86  5:57  Probe  
  86  6:02  Forge, Probe  
  86  6:04  Pylon  
  88  6:05  Pylon  
  88  6:06  Phoenix  
  88  6:10  Probe x2  
  92  6:18  Pylon  
  92  6:27  Protoss Ground Weapons Level 2 (Chrono Boost), Probe  
  92  6:32  Sentry x3  
  98  6:42  Probe  
  98  6:47  Probe  
  98  6:48  Probe  
  98  6:50  Protoss Ground Armor Level 1 (Chrono Boost)  
  98  6:53  Nexus  
  100  6:57  Robotics Bay, Photon Cannon  
  100  7:00  Gateway, Photon Cannon  
  100  7:01  Shield Battery  
  100  7:03  Probe  
  100  7:05  Probe  
  100  7:09  Pylon  
  100  7:15  Gateway x2, Probe x2  
  99  7:17  Gateway, Probe  
  101  7:27  Probe  
  101  7:28  Robotics Facility  
  101  7:29  Charge, Photon Cannon  
  102  7:34  Shield Battery, Photon Cannon  
  102  7:36  Pylon, Stalker x3  
  108  7:38  Shield Battery, Pylon  
  108  7:39  Pylon  
  108  7:41  Pylon  
  108  7:45  Observer (Chrono Boost)  
  108  7:46  Extended Thermal Lance  
  108  7:48  Probe  
  108  7:49  Assimilator  
  108  7:50  Probe  
  111  7:52  Photon Cannon  
  111  7:53  Assimilator  
  111  7:58  Gateway  
  111  8:01  Gateway  
  111  8:10  Probe  
  111  8:11  Probe  
  111  8:12  Probe  
  114  8:15  Pylon  
  114  8:17  Gateway, Colossus (Chrono Boost)  
  114  8:19  Gateway  
  114  8:23  Gateway  
  126  8:28  Photon Cannon  
  126  8:30  Colossus (Chrono Boost)  
  126  8:35  Photon Cannon  
  126  8:37  Pylon  
  126  8:39  Photon Cannon  
  126  8:40  Shield Battery  
  126  8:41  Shield Battery  
  126  8:46  Stalker x2  
  126  8:47  Stalker  
  132  8:48  Protoss Ground Armor Level 2 (Chrono Boost)  
  132  8:58  Colossus (Chrono Boost)  
  138  9:06  Templar Archives, Protoss Ground Weapons Level 3 (Chrono Boost)  
  138  9:07  Warp Prism (Chrono Boost)  
  140  9:18  Robotics Facility  
  140  9:19  Probe  
  140  9:20  Photon Cannon  
  141  9:28  Stalker x3  
  141  9:29  Stalker x4  
  155  9:34  Psionic Storm  
  155  9:42  Gateway  
  155  9:43  Zealot  
  155  9:44  Zealot x3  
  163  9:57  High Templar x3  
  163  9:58  High Templar  
  163  9:59  High Templar x4  
  179  10:01  Archon  
  179  10:02  Archon x2  
  179  10:03  Archon  
  179  10:06  Nexus  
  179  10:09  Pylon  
  179  10:13  Pylon  
  179  10:21  Immortal x2  
  179  10:22  Immortal  
  191  10:33  Zealot x6  
  195  10:45  Shield Battery  
  195  10:47  Shield Battery  
  195  10:49  Shield Battery  
  195  10:54  Shield Battery  
  181  10:59  Zealot  
  181  11:00  Zealot x5  
  181  11:01  Zealot  
  181  11:02  Immortal  
  199  11:07  Assimilator  
  199  11:11  Assimilator  
  193  11:21  High Templar x2  
  193  11:22  High Templar x3  
  195  11:28  Archon x2  
  189  11:37  Stalker x5  
  192  12:08  High Templar x4  
  200  12:21  Photon Cannon  
  198  12:53  Gateway  
  198  12:54  Gateway  
  198  12:56  Gateway  
  198  12:59  Gateway  
  198  13:01  Gateway, Photon Cannon  
  198  13:03  Gateway  
  198  13:05  Photon Cannon  
  198  13:06  Gateway  
  198  13:08  Photon Cannon  
  198  13:10  Gateway  
  198  13:18  High Templar  
  200  13:34  Archon x2  
  200  13:39  Stalker x2  
  200  13:40  Stalker x3  
Show
View Real Time Build Order
Export as new Build Order

SouLeer Zerg 

Build Orders: Hatch First 

Get SALT Encoding   

  12  0:00  Drone  
  13  0:13  Overlord  
  13  0:16  Drone  
  14  0:31  Drone x2  
  16  0:48  Hatchery  
  15  0:51  Drone  
  15  0:55  Drone  
  17  0:59  Drone  
  18  1:09  Extractor  
  17  1:14  Spawning Pool  
  17  1:16  Drone  
  17  1:20  Drone  
  18  1:29  Drone  
  19  1:39  Drone  
  20  1:50  Overlord  
  20  2:01  Queen x2  
  20  2:02  Zergling x4  
  26  2:11  Drone x2  
  28  2:20  Metabolic Boost  
  28  2:22  Drone x2  
  30  2:34  Hatchery  
  30  2:36  Drone  
  30  2:40  Drone  
  31  2:48  Overlord  
  31  2:49  Queen  
  33  2:52  Drone  
  33  2:55  Drone  
  33  2:56  Drone  
  36  3:08  Drone x2  
  36  3:09  Drone x3  
  41  3:16  Drone  
  42  3:20  Overlord  
  42  3:25  Queen  
  44  3:30  Overlord  
  44  3:38  Drone x2  
  46  3:44  Overlord  
  45  3:49  Drone x5  
  45  3:51  Queen  
  51  3:56  Lair  
  51  3:58  Zergling x8  
  51  4:00  Drone x2  
  57  4:04  Spore Crawler  
  57  4:06  Spore Crawler  
  55  4:12  Drone x3  
  55  4:16  Overlord  
  58  4:18  Drone x2  
  58  4:21  Drone  
  58  4:23  Overlord  
  61  4:26  Drone  
  61  4:30  Evolution Chamber  
  61  4:31  Drone x3  
  63  4:34  Drone x2  
  63  4:38  Drone x3  
  69  4:43  Drone  
  69  4:45  Drone x2  
  71  4:49  Overlord  
  71  4:53  Drone x2  
  71  4:55  Extractor  
  71  4:57  Extractor  
  71  4:59  Extractor  
  70  5:00  Extractor  
  70  5:01  Drone, Zerg Melee Weapons Level 1  
  70  5:02  Drone, Extractor, Roach Warren  
  70  5:03  Drone x3  
  74  5:09  Drone x4  
  74  5:11  Overlord  
  78  5:20  Hatchery  
  77  5:22  Zergling x4  
  77  5:23  Zergling x8  
  83  5:29  Drone  
  83  5:31  Drone  
  83  5:32  Baneling Nest  
  83  5:33  Overlord  
  83  5:34  Drone x3  
  87  5:37  Extractor  
  87  5:38  Extractor  
  87  5:41  Overlord  
  78  5:44  Glial Reconstitution  
  75  5:51  Drone  
  75  5:56  Drone x2  
  75  5:57  Drone x4  
  78  5:59  Drone  
  78  6:01  Drone  
  83  6:10  Spore Crawler  
  79  6:12  Drone x5  
  79  6:15  Drone  
  79  6:17  Overlord  
  84  6:18  Drone  
  84  6:19  Drone x2  
  84  6:22  Drone, Infestation Pit, Centrifical Hooks  
  86  6:28  Drone x3  
  87  6:33  Queen  
  87  6:37  Drone  
  88  6:42  Zergling x18  
  96  6:51  Zergling x6  
  96  6:56  Drone x2  
  96  6:57  Drone x2  
  97  7:08  Drone  
  97  7:11  Hive  
  97  7:12  Drone, Spire  
  97  7:13  Roach x8  
  114  7:16  Spore Crawler  
  113  7:23  Overlord  
  113  7:25  Zerg Melee Weapons Level 2  
  113  7:35  Drone x5  
  118  7:37  Extractor  
  118  7:38  Drone  
  118  7:39  Drone  
  118  7:50  Overseer  
  118  7:55  Roach x6  
  118  7:56  Roach, Zergling x4  
  118  7:57  Overlord, Zergling x4, Hatchery  
  118  7:58  Overlord x2  
  135  8:04  Overlord  
  135  8:05  Hatchery  
  135  8:07  Overlord  
  134  8:18  Drone  
  135  8:20  Zergling x2  
  135  8:21  Zergling x20  
  135  8:23  Zergling x4  
  147  8:30  Hatchery  
  147  8:34  Adrenal Glands  
  146  8:40  Zergling x6  
  146  8:41  Zergling x6  
  152  8:44  Greater Spire  
  148  8:57  Zergling x20  
  148  8:59  Pneumatized Carapace  
  158  9:02  Extractor  
  132  9:31  Zergling x2  
  132  9:32  Zergling x30  
  132  9:33  Zergling x22  
  144  9:41  Zergling x8  
  144  9:42  Corruptor  
  144  9:43  Corruptor x3  
  144  9:44  Queen  
  155  9:46  Corruptor x3  
  155  9:48  Corruptor  
  155  9:50  Corruptor  
  163  9:53  Queen  
  163  9:54  Corruptor x3  
  163  9:58  Zergling x2  
  163  9:59  Zergling x2  
  173  10:03  Overseer x3  
  173  10:08  Zergling x10  
  173  10:11  Zergling x4  
  178  10:19  Zergling x2  
  178  10:20  Zergling x14  
  180  10:24  Overlord x2, Brood Lord  
  180  10:25  Overlord  
  180  10:32  Baneling x2  
  180  10:33  Baneling x16  
  180  10:34  Overlord  
  179  10:44  Zergling x28  
  179  10:45  Baneling  
  179  10:46  Baneling  
  190  10:56  Zergling x24  
  188  11:00  Zergling x4  
  190  11:07  Overlord  
  190  11:12  Zergling x2  
  190  11:13  Zergling x12  
  195  11:21  Overlord  
  195  11:22  Overlord  
  195  11:25  Zergling x16  
  191  11:36  Zergling x16  
  191  11:37  Zergling x2  
  186  11:42  Zergling x12  
  186  11:45  Corruptor x4  
  198  11:48  Ravager  
  198  11:50  Baneling x12  
  199  11:55  Zergling x4  
  199  11:59  Zergling x6  
  180  12:02  Zergling x2  
  180  12:06  Ravager x5  
  180  12:07  Ravager x3  
  180  12:08  Zergling x6  
  179  12:11  Zergling x2  
  179  12:15  Queen  
  180  12:16  Zergling x2  
  180  12:20  Zergling x8  
  180  12:23  Zergling x2  
  181  12:32  Zergling x8  
  182  12:39  Zergling x8  
  182  12:41  Zergling x2  
  178  12:50  Queen  
  178  12:52  Zergling x22  
  178  12:56  Zergling x2  
  187  13:00  Zergling x4, Hatchery  
  187  13:01  Zergling x8  
  192  13:10  Zergling x8  
  189  13:14  Zergling x4  
  189  13:15  Zergling x10  
  192  13:24  Zergling x6  
  195  13:29  Zergling x2  
  195  13:30  Zergling x6  
  195  13:32  Zergling x2  

Tags
 
Add a new tag
Caveats
  • Supply blocks, unpowered buildings, or Contaminate may cause inaccurate times.
  • Supply counts are checked every 10 seconds.